 Dungeon Crawl Stone Soup version 0.31-a0-175-g9f7f995f2b (webtiles) character file.

Game seed: 10748334661248659441

12 qw the Shooter (level 2, -1/17 HPs)
             Began as a Gargoyle Hunter on June 16, 2023.
             Frozen to death by an endoplasm (5 damage)
             ... on level 1 of the Dungeon.
             The game lasted 00:00:06 (202 turns).

qw the Shooter (Gargoyle Hunter)                     Turns: 202, Time: 00:00:06

Health: -1/17      AC:  5    Str: 14    XL:     2   Next: 33%
Magic:  2/2        EV: 11    Int:  9    God:
Gold:   32         SH:  0    Dex: 13    Spells: 1/1 levels left

rFire   . . .        a - +0 shortbow
rCold   . . .        (shield currently unavailable)
rNeg    + . .        c - +0 leather armour
rPois   inf          (no helmet)
rElec   +            (no cloak)
rCorr   .            (no gloves)
SInv    .            (no boots)
Will    .....        (no amulet)
Stlth   +            (no ring)
HPRegen 0.22/turn    (no ring)
MPRegen 0.08/turn

%: no passive effects
@: no status effects
A: sickness immunity, AC +2, negative energy resistance 1, electricity
resistance, torment resistance 1, petrification resistance
a: no special abilities


You were on level 1 of the Dungeon.
You visited 1 branch of the dungeon, and saw 1 of its levels.

You collected 32 gold pieces.


Innate Abilities, Weirdness & Mutations

You are immune to sickness and miasma.
Your stone body is resilient. (AC +2)
You are immune to poison.
You resist negative energy. (rN+)
You are resistant to electric shocks. (rElec)
You are resistant to unholy torment.
You are immune to petrification.


   Skills:
 - Level 2.1 Fighting
 + Level 4.5 Ranged Weapons
 - Level 1.5 Dodging
 - Level 1.1 Stealth


You had one spell level left.
You didn't know any spells.
Your spell library was empty.

Inventory:

Hand Weapons
 a - a +0 shortbow (weapon)
Armour
 c - a +0 leather armour (worn)
 d - a +0 pair of gloves of infusion
Scrolls
 b - a scroll of butterflies
 e - a scroll of identify {unknown}

Dungeon Overview and Level Annotations

Branches:
Dungeon (1/15)

Altars:


Message History

You shoot an arrow. The arrow barely misses the kobold.
The arrow barely misses the hobgoblin.
The kobold barely misses you.
An endoplasm comes into view.
You shoot an arrow.
The arrow hits the kobold but does no damage.
The kobold is severely wounded.
The kobold hits you but does no damage. The kobold misses you.
You shoot an arrow. The arrow closely misses the kobold.
The arrow barely misses the endoplasm.
The kobold hits you with a +0 club. The hobgoblin misses you.
You shoot an arrow.
The arrow hits the kobold but does no damage.
The kobold is severely wounded.
The kobold hits you but does no damage. The hobgoblin hits you.
You shoot an arrow. The arrow barely misses the kobold.
The arrow hits the endoplasm but does no damage.
A rat comes into view.
The kobold barely misses you. The hobgoblin hits you.
You shoot an arrow.
The arrow hits the kobold but does no damage.
The kobold is severely wounded.
The kobold hits you but does no damage.
The endoplasm jiggles.
The hobgoblin barely misses you.
You shoot an arrow. The arrow hits the kobold.
You kill the kobold!
The hobgoblin completely misses you. The hobgoblin hits you.
The endoplasm freezes you.
You are frozen.
You shoot an arrow. The arrow hits the endoplasm.
The endoplasm is severely wounded.
The hobgoblin hits you but does no damage.
The endoplasm hits you but does no damage.
You shoot an arrow. The arrow hits the endoplasm.
The endoplasm is almost dead.
The hobgoblin hits you. The endoplasm freezes you.
You are frozen.
You die...

.. ## .. #.# .. ...
#. #.# #.# ## #. #.#
#.# .##..#r ##.##
#.#
......g####...####.#
......J@.........).#
###########...####.#
##.## #.# #.# #.#
#######.# ###.###
........###.....#
........).#.#.#.#
#########.#.#...#
##.#..#.#.#


You could see an endoplasm, a hobgoblin and a rat.

Vanquished Creatures
  A giant cockroach (D:1)
  6 goblins (D:1)
  A hobgoblin (D:1)
  A ball python (D:1)
  A kobold (D:1)
10 creatures vanquished.

Notes
Turn   | Place    | Note
-------+----------+-------------------------------------------
     0 | D:1      | qw the Gargoyle Hunter began the quest for the Orb.
     0 | D:1      | Reached XP level 1. HP: 12/12 MP: 1/1
     0 | D:1      | 0 ||| qw: Version: 0.2-a-29-g511e9b1
     0 | D:1      | 0 ||| qw: Game counter: 5796
     0 | D:1      | 0 ||| qw: Always use a shield: true
     0 | D:1      | 0 ||| qw: God list: Okawaru
     0 | D:1      | 0 ||| qw: Allow faded altars: false
     0 | D:1      | 0 ||| qw: Do Orc after D:15 true
     0 | D:1      | 0 ||| qw: Do second Lair branch before Depths: true
     0 | D:1      | 0 ||| qw: Lair rune preference: random
     0 | D:1      | 0 ||| qw: Plans: Normal, Zot:1-4, Slime:5, God:TSO, Crypt,
                  | Tomb, Abyss, Pan, Hells, Win
     0 | D:1      | 0 ||| PLANNING D:1-11
   100 | D:1      | Reached XP level 2. HP: 17/17 MP: 2/2
   200 | D:1      | HP: 4/17 [frozen (1)]
   202 | D:1      | Frozen to death by an endoplasm

Levels and vault maps discovered:
D:1:      minmay_arrival_jagged, layout_loops_ring, minmay_pentomino_w4

Action                     || total
---------------------------++-------
   Fire: Shortbow          ||    32
 Armour: Leather armour    ||     6
  Dodge: Dodged            ||    10

Table legend:
 A = Non-vault XP
 B = Vault XP
 C = Vault XP percentage of total XP
 D = Non-vault monster count
 E = Vault monster count
 F = Vault count percentage of total count
                 A         B        C        D         E       F
            +---------+---------+-------+---------+---------+-------
      Total |      15 |       3 |  16.7 |       8 |       2 |  20.0
            +---------+---------+-------+---------+---------+-------
        D:1 |      15 |       3 |  16.7 |       8 |       2 |  20.0
            +---------+---------+-------+---------+---------+-------
